Map: Lightshade LE

Players

Clem - Winner!

  • Race: Terran Terran

Elazer

  • Race: Zerg Zerg

Event: DreamHack SC2 Masters 2021 Winter

VOD

Have the link to the VOD?

Description

Time

  • Played on: Oct. 12, 2021, 9:39 a.m.
  • Length: 20:23

All games in this series

Show
View Real Time Build Order
Export as new Build Order

Clem Terran - Winner!

Build Orders: Reaper Expand, Hellion Banshee 

Get SALT Encoding   

  12  0:00  SCV  
  13  0:12  SCV  
  14  0:17  Supply Depot  
  14  0:24  SCV  
  15  0:39  SCV  
  15  0:40  Barracks  
  16  0:43  Refinery  
  16  0:51  SCV  
  17  1:03  SCV  
  18  1:15  SCV  
  19  1:27  Reaper, Orbital Command  
  20  1:39  Command Center  
  20  1:46  Supply Depot  
  20  1:52  SCV  
  21  1:58  Marine  
  22  2:05  SCV  
  23  2:10  Factory  
  23  2:17  SCV  
  23  2:21  Barracks Reactor  
  24  2:29  SCV  
  25  2:39  Command Center  
  25  2:41  SCV  
  26  2:53  SCV, Orbital Command  
  26  2:58  Starport  
  27  3:05  SCV, Refinery  
  28  3:09  Hellion  
  30  3:14  Hellion  
  30  3:18  SCV  
  30  3:19  SCV  
  34  3:21  Barracks Tech Lab  
  34  3:30  Hellion, SCV  
  34  3:31  SCV  
  38  3:35  Hellion  
  40  3:42  SCV  
  40  3:44  Banshee  
  40  3:45  SCV  
  45  3:51  Orbital Command  
  45  3:54  Hellion, SCV  
  48  3:56  Cloaking Field  
  48  4:00  SCV  
  48  4:02  Hellion  
  51  4:07  SCV  
  51  4:08  Supply Depot  
  51  4:09  Barracks Tech Lab  
  52  4:12  SCV  
  53  4:17  SCV  
  53  4:19  SCV  
  53  4:22  Barracks  
  55  4:27  Marine  
  55  4:28  Factory Reactor  
  56  4:32  Banshee, Barracks, Supply Depot  
  56  4:34  SCV  
  56  4:35  SCV  
  61  4:43  Refinery  
  61  4:45  Stimpack, Marine  
  62  4:46  SCV  
  62  4:47  Supply Depot  
  62  4:48  SCV  
  62  4:51  SCV  
  65  4:58  Engineering Bay  
  66  5:01  Engineering Bay  
  66  5:03  SCV, Marine  
  66  5:06  Refinery, Orbital Command  
  67  5:09  Supply Depot  
  67  5:13  SCV  
  68  5:15  SCV  
  68  5:16  Barracks  
  68  5:17  Barracks  
  68  5:18  Marine x2  
  71  5:23  Marine x3  
  71  5:24  Starport Reactor  
  74  5:29  SCV  
  74  5:30  SCV  
  74  5:32  Supply Depot  
  76  5:35  Marine  
  76  5:36  Siege Tank  
  76  5:38  SCV  
  76  5:41  Supply Depot, SCV  
  82  5:44  Marine x2  
  82  5:47  Marine  
  85  5:50  SCV  
  85  5:52  Marine  
  85  5:54  SCV  
  84  5:57  SCV  
  84  5:59  Supply Depot  
  84  6:00  Supply Depot, Marine  
  84  6:02  SCV, Marine  
  84  6:03  Medivac x2  
  91  6:05  Barracks Reactor  
  91  6:06  Barracks Reactor  
  91  6:08  SCV  
  91  6:10  SCV  
  93  6:12  Supply Depot  
  93  6:14  Marine x3  
  93  6:15  SCV  
  93  6:18  Marine  
  98  6:19  Marine  
  98  6:20  SCV  
  98  6:22  Siege Tank  
  103  6:28  SCV  
  103  6:29  Supply Depot, SCV  
  103  6:31  Marine  
  103  6:32  SCV  
  107  6:35  Supply Depot, Marine  
  107  6:37  Medivac x2  
  112  6:40  Supply Depot  
  112  6:41  SCV  
  112  6:42  Marine x2  
  112  6:43  Marine x2  
  112  6:44  Marine x2  
  112  6:45  Marine  
  120  6:49  Supply Depot, Combat Shield  
  120  6:51  Marine  
  120  6:53  Marine  
  122  6:54  SCV x3  
  122  6:59  Factory  
  122  7:01  Refinery  
  125  7:03  Siege Tank  
  125  7:05  Supply Depot  
  125  7:06  SCV  
  125  7:07  Terran Infantry Weapons Level 1  
  129  7:08  Terran Infantry Armor Level 1  
  129  7:09  Marine  
  129  7:14  Marine x2  
  129  7:15  Marine x2  
  133  7:20  Marine x3  
  133  7:21  Supply Depot  
  133  7:22  Marine  
  138  7:27  Marine  
  139  7:30  Armory  
  139  7:32  Marine x2  
  139  7:33  Command Center  
  139  7:36  SCV x3  
  144  7:43  Marine x2  
  144  7:44  Marine  
  145  7:45  Factory Reactor  
  145  7:47  Widow Mine  
  145  7:50  Medivac x2, Marine x2  
  154  7:53  Marine  
  154  7:54  Supply Depot, Marine  
  154  8:01  Marine x3  
  154  8:02  Marine  
  154  8:04  SCV  
  154  8:05  Supply Depot  
  151  8:06  Marine  
  151  8:08  Marine x2  
  151  8:11  Marine x2  
  158  8:12  Widow Mine  
  158  8:14  Supply Depot  
  158  8:16  Drilling Claws  
  158  8:17  Concussive Shells  
  158  8:18  Refinery  
  158  8:19  Marine  
  159  8:21  Marine  
  159  8:24  Marauder, Widow Mine x2  
  159  8:26  SCV  
  167  8:27  Sensor Tower  
  167  8:29  Marine  
  168  8:34  Marine  
  168  8:37  Widow Mine  
  168  8:38  Medivac x2, Marine x3  
  171  8:42  Marine x2  
  171  8:43  SCV x2  
  171  8:45  Widow Mine, Marine  
  171  8:46  Marine  
  165  8:57  Widow Mine  
  165  9:00  Barracks  
  165  9:01  Barracks x2  
  165  9:02  Widow Mine  
  169  9:08  Medivac x2  
  164  9:14  Widow Mine  
  164  9:15  Marine x3  
  164  9:16  Marine x3  
  149  9:19  Widow Mine  
  149  9:20  SCV x2  
  149  9:21  SCV  
  149  9:23  Widow Mine  
  156  9:29  Planetary Fortress  
  156  9:33  Marine x3  
  156  9:35  Widow Mine  
  156  9:37  SCV  
  156  9:38  SCV, Marine  
  163  9:39  Marine x2  
  163  9:40  Terran Infantry Weapons Level 2, Widow Mine  
  163  9:41  Terran Infantry Armor Level 2  
  163  9:43  SCV  
  163  9:44  Widow Mine  
  170  9:49  SCV, Marine  
  170  9:52  Marine x2  
  171  9:57  Widow Mine, Marine x2  
  171  9:58  Marine  
  177  10:02  Widow Mine  
  177  10:03  Barracks Tech Lab x3  
  177  10:06  Widow Mine  
  180  10:08  Command Center  
  180  10:13  Marauder  
  182  10:17  Refinery  
  182  10:18  Ghost Academy, Terran Vehicle And Ship Armor Level 1  
  182  10:19  Marine  
  183  10:23  Marauder, Supply Depot  
  183  10:26  Marauder  
  183  10:27  Widow Mine  
  182  10:28  Marauder  
  182  10:30  Widow Mine  
  182  10:32  Marine  
  182  10:35  Marauder  
  187  10:36  Marine x2  
  189  10:44  Marauder  
  189  10:48  Marauder, SCV  
  192  10:50  Marauder  
  192  10:53  Widow Mine, Siege Tank, Marine  
  192  10:54  Marine  
  192  10:55  SCV  
  200  11:02  Command Center  
  200  11:08  Refinery  
  200  11:16  Command Center  
  196  11:19  Ghost x2  
  196  11:24  Ghost  
  194  11:25  Widow Mine  
  194  11:26  Medivac x2, Ghost  
  194  11:27  Marine x2  
  187  11:33  Marine x5  
  179  11:42  Command Center  
  179  11:46  Siege Tank  
  184  11:47  Widow Mine, Ghost  
  184  11:48  Marauder  
  184  11:51  SCV  
  184  11:52  Missile Turret, SCV, Ghost  
  192  11:56  Marauder, Medivac  
  196  12:01  Terran Infantry Weapons Level 3, Marine x3  
  196  12:02  Marine  
  196  12:07  Planetary Fortress  
  200  12:13  Refinery  
  200  12:14  Missile Turret  
  200  12:16  Refinery  
  200  12:18  Sensor Tower  
  200  12:21  Orbital Command  
  196  12:25  Command Center  
  196  12:26  Terran Infantry Armor Level 3  
  196  12:28  Orbital Command  
  194  12:33  Siege Tank  
  197  12:40  Ghost  
  199  12:44  Missile Turret  
  199  12:45  Missile Turret  
  192  13:00  Ghost x2  
  192  13:02  Missile Turret  
  186  13:05  Siege Tank  
  186  13:08  SCV  
  186  13:09  SCV  
  186  13:10  SCV, Ghost  
  183  13:13  Marine x2  
  183  13:15  Marine x2  
  183  13:16  SCV x2  
  183  13:18  Terran Vehicle And Ship Armor Level 2  
  187  13:23  Command Center  
  187  13:25  Command Center  
  187  13:26  Ghost  
  185  13:31  Missile Turret, SCV  
  188  13:37  Siege Tank  
  188  13:39  Marauder  
  188  13:40  Marauder  
  195  13:42  Marauder  
  188  13:55  Ghost  
  177  14:00  SCV  
  177  14:01  SCV  
  181  14:04  Ghost  
  181  14:05  Planetary Fortress  
  181  14:09  Siege Tank  
  186  14:10  Widow Mine  
  186  14:11  Widow Mine  
  186  14:12  SCV  
  177  14:17  SCV  
  177  14:21  Medivac  
  177  14:22  Marine x3, Ghost x2  
  158  14:26  SCV  
  158  14:29  SCV, Marine  
  158  14:30  Marine  
  152  14:32  SCV  
  152  14:37  Marine  
  154  14:40  Widow Mine x2, Marine x4  
  154  14:41  Ghost  
  154  14:42  Siege Tank, Marine, Ghost  
  154  14:45  SCV x3, Command Center  
  173  14:48  Command Center, Marine  
  173  14:50  Marine  
  173  14:51  Marine  
  173  14:52  SCV x2, Ghost  
  176  15:02  SCV  
  167  15:08  Ghost  
  167  15:14  Siege Tank, Ghost  
  171  15:17  Marine x2  
  171  15:19  Missile Turret  
  171  15:20  SCV  
  171  15:21  SCV, Ghost  
  174  15:24  Command Center  
  174  15:27  Marine, Ghost  
  174  15:28  SCV  
  180  15:30  Sensor Tower  
  180  15:31  Marine  
  181  15:44  Marauder, Marine x2  
  181  15:45  SCV  
  186  15:56  Widow Mine  
  186  15:57  Missile Turret  
  188  16:00  SCV, Marine x2  
  188  16:01  Refinery x2  
  189  16:14  SCV  
  189  16:16  SCV x2  
  177  16:29  Ghost  
  177  16:30  Ghost x2  
  177  16:31  SCV, Marine x3  
  183  16:34  Siege Tank  
  183  16:38  Missile Turret  
  186  16:43  Planetary Fortress  
  186  16:45  Factory Tech Lab  
  186  16:48  SCV  
  186  16:52  SCV x2  
  172  17:09  Ghost  
  172  17:14  Medivac  
  161  17:21  Marine x2  
  159  17:25  SCV  
  159  17:32  Refinery  
  159  17:33  Marauder  
  159  17:34  Marine x2  
  159  17:36  Ghost  
  162  17:38  Siege Tank  
  162  17:39  Marine x2  
  162  17:42  SCV  
  169  17:50  Enhanced Shockwaves  
  169  17:51  Command Center  
  169  17:57  Ghost  
  169  17:58  Ghost x2  
  175  18:00  SCV  
  176  18:06  Missile Turret x2  
  176  18:10  Widow Mine  
  176  18:11  Orbital Command  
  178  18:14  Ghost  
  178  18:15  Marine  
  178  18:17  Orbital Command  
  181  18:26  Factory, Ghost  
  181  18:27  Terran Vehicle Weapons Level 1  
  183  18:31  Siege Tank  
  186  18:35  Missile Turret  
  186  18:47  Refinery  
  186  18:52  Sensor Tower, Ghost  
  186  18:54  Missile Turret, Command Center  
  187  18:55  Missile Turret  
  187  18:57  Missile Turret  
  185  19:03  Ghost  
  185  19:04  Widow Mine  
  185  19:09  Barracks Tech Lab  
  189  19:12  Barracks Tech Lab  
  189  19:13  Ghost  
  189  19:15  Barracks Tech Lab  
  189  19:16  Medivac  
  191  19:21  Ghost  
  193  19:25  Widow Mine  
  189  19:34  Marauder  
  189  19:37  Marine x2  
  183  19:46  Widow Mine  
  165  19:53  SCV  
  165  19:54  Marine  
  165  19:55  Marauder, Marine x2  
  165  19:58  Command Center  
  165  19:59  Ghost Academy  
  168  20:01  SCV  
Show
View Real Time Build Order
Export as new Build Order

Elazer Zerg 

Build Orders: Hatch First, Lurkers 

Get SALT Encoding   

  12  0:00  Drone  
  13  0:13  Overlord  
  13  0:17  Drone  
  14  0:31  Drone x2  
  16  0:48  Hatchery  
  15  0:51  Drone  
  15  0:54  Drone  
  17  0:58  Drone  
  18  1:08  Extractor  
  17  1:13  Spawning Pool  
  17  1:16  Drone  
  17  1:19  Drone  
  18  1:29  Drone  
  19  1:39  Drone  
  20  1:50  Drone  
  21  2:00  Queen x2  
  25  2:01  Zergling x2  
  25  2:02  Zergling x2  
  27  2:11  Zergling x2  
  27  2:12  Metabolic Boost  
  27  2:13  Overlord  
  28  2:30  Hatchery  
  28  2:32  Drone  
  28  2:35  Drone x2  
  30  2:39  Drone  
  31  2:47  Queen  
  31  2:51  Overlord  
  33  2:53  Drone  
  33  2:55  Drone  
  33  2:58  Drone  
  36  3:08  Overlord  
  36  3:09  Drone x3  
  36  3:12  Drone  
  40  3:18  Queen  
  42  3:27  Queen  
  42  3:28  Drone x2  
  42  3:29  Drone  
  42  3:32  Overlord  
  49  3:41  Drone x3  
  49  3:42  Drone  
  49  3:43  Queen  
  49  3:45  Drone  
  54  3:51  Drone  
  54  3:52  Drone  
  54  3:53  Queen  
  58  4:01  Drone x4  
  62  4:05  Overlord  
  62  4:07  Drone x2  
  63  4:15  Drone x2  
  65  4:18  Overlord  
  65  4:23  Drone x3  
  68  4:28  Hatchery, Lair  
  68  4:30  Drone x2  
  69  4:36  Zergling x10  
  74  4:42  Drone  
  75  4:47  Baneling Nest, Spore Crawler, Extractor  
  75  4:48  Drone x3, Spore Crawler  
  75  4:51  Spore Crawler  
  73  4:53  Drone x2  
  73  4:56  Queen  
  73  4:57  Overlord  
  77  5:00  Drone x2  
  77  5:05  Drone  
  80  5:09  Drone, Extractor x2  
  80  5:12  Drone x2  
  81  5:14  Overlord  
  81  5:16  Drone x7  
  81  5:20  Drone  
  89  5:27  Overlord  
  89  5:31  Overlord  
  89  5:34  Centrifugal Hooks  
  89  5:36  Drone x3, Evolution Chamber  
  89  5:38  Overseer  
  89  5:39  Evolution Chamber  
  89  5:41  Overlord  
  90  5:46  Zergling x14  
  93  5:52  Zergling x12  
  96  5:57  Overlord  
  96  6:00  Spore Crawler  
  96  6:02  Overlord  
  95  6:04  Zerg Ground Armor Level 1, Zerg Melee Weapons Level 1  
  95  6:09  Drone x4  
  99  6:11  Spore Crawler  
  99  6:16  Drone x5  
  101  6:20  Overlord  
  101  6:22  Drone x3  
  102  6:26  Overlord  
  102  6:27  Drone x2  
  104  6:35  Overlord  
  104  6:36  Zergling x8  
  104  6:38  Drone x2  
  108  6:42  Zergling x8  
  108  6:44  Pneumatized Carapace  
  112  6:47  Burrow  
  112  6:48  Hatchery  
  112  6:49  Drone x3  
  112  6:51  Drone, Overlord  
  112  6:54  Overseer  
  115  6:55  Baneling x6  
  115  6:58  Zergling x4  
  117  7:07  Overlord  
  116  7:09  Zergling x22  
  116  7:14  Overlord  
  128  7:15  Zergling x8  
  128  7:18  Overlord x2  
  131  7:22  Zergling x2  
  131  7:27  Baneling x5  
  131  7:29  Zergling x6  
  133  7:33  Drone  
  133  7:34  Zergling x4  
  133  7:35  Hatchery  
  135  7:41  Baneling x6  
  135  7:42  Zergling x14  
  141  7:44  Extractor  
  141  7:45  Hydralisk Den  
  141  7:46  Infestation Pit  
  141  7:48  Zergling x12  
  140  8:00  Zergling x8  
  140  8:04  Baneling  
  140  8:05  Baneling x6  
  141  8:06  Baneling x9, Zergling x16  
  141  8:08  Overseer  
  155  8:12  Drone x6  
  155  8:13  Drone  
  155  8:14  Drone  
  157  8:20  Drone x3  
  158  8:30  Baneling x13  
  158  8:33  Zergling x20  
  168  8:36  Baneling x5  
  163  8:43  Zergling x18  
  163  8:46  Baneling x5  
  167  8:50  Overlord  
  167  8:52  Grooved Spines, Extractor  
  167  8:53  Extractor  
  167  8:54  Zergling x6  
  168  9:00  Spore Crawler  
  167  9:04  Zergling x14  
  153  9:13  Zergling x12  
  148  9:20  Zergling x6  
  148  9:23  Hive  
  148  9:28  Hydralisk x5  
  156  9:33  Baneling x9  
  156  9:34  Drone x9  
  156  9:35  Zergling x10  
  170  9:40  Zergling x2, Spine Crawler  
  170  9:41  Zergling x4  
  170  9:49  Zergling x20  
  170  9:51  Baneling  
  170  9:52  Baneling x6  
  180  9:59  Zerg Ground Armor Level 2  
  180  10:00  Zerg Missile Weapons Level 1  
  179  10:07  Muscular Augments  
  179  10:09  Hydralisk x2  
  183  10:17  Hydralisk x3  
  181  10:28  Overseer  
  181  10:31  Overseer  
  181  10:32  Overseer  
  181  10:39  Spore Crawler  
  181  10:40  Drone x6, Spine Crawler, Spore Crawler  
  181  10:41  Drone x3  
  184  10:45  Hydralisk x6  
  195  10:53  Overlord  
  195  10:54  Spore Crawler  
  195  10:56  Lurker Den  
  193  11:09  Overlord  
  193  11:10  Adrenal Glands  
  180  11:18  Hydralisk x7  
  188  11:26  Zergling x28  
  188  11:32  Zergling x6  
  182  11:42  Hydralisk x5  
  192  11:55  Hydralisk  
  192  11:56  Hydralisk  
  192  11:58  Baneling x16  
  192  11:59  Baneling  
  196  12:05  Extractor x3  
  196  12:07  Zerg Missile Weapons Level 2  
  193  12:12  Baneling  
  193  12:13  Baneling x4  
  193  12:14  Zergling x6  
  193  12:29  Seismic Spines  
  193  12:31  Zergling x6  
  193  12:36  Overlord  
  196  12:38  Baneling x15  
  196  12:49  Nydus Network  
  182  13:09  Zergling x38  
  185  13:13  Zergling x4  
  185  13:14  Overlord x3  
  185  13:16  Overseer x3  
  185  13:29  Adaptive Talons  
  184  13:35  Baneling x4, Zergling x30  
  184  13:37  Hatchery  
  198  13:44  Zergling x8  
  198  13:45  Zergling x14  
  181  13:57  Hydralisk x7  
  181  14:01  Overseer x3  
  191  14:07  Overlord x2  
  174  14:20  Zergling x24  
  174  14:21  Zergling x12  
  164  14:25  Hydralisk  
  164  14:31  Zergling x6  
  152  14:35  Overseer  
  152  14:38  Lurker x4  
  152  14:39  Lurker x5  
  152  14:40  Hydralisk x5  
  152  14:43  Zerg Ground Armor Level 3, Zerg Missile Weapons Level 3  
  152  14:44  Hydralisk x2  
  175  14:50  Zergling x6  
  175  14:52  Overseer  
  172  14:55  Zergling x4  
  168  15:05  Hydralisk x13  
  178  15:14  Zergling x10  
  163  15:26  Lurker x9  
  172  15:29  Lurker  
  172  15:31  Nydus Canal  
  172  15:33  Zergling x2  
  172  15:34  Zergling x2  
  172  15:41  Zergling x2  
  172  15:42  Zergling x8  
  177  15:48  Nydus Canal  
  170  15:52  Baneling x10  
  170  15:53  Baneling  
  170  15:54  Baneling  
  170  15:55  Overseer  
  169  16:02  Zergling x8  
  163  16:14  Baneling x3  
  163  16:15  Baneling x2, Zergling x12  
  159  16:30  Hydralisk x4  
  158  16:36  Drone x5  
  151  16:49  Zergling x14  
  151  16:53  Zergling x6  
  142  17:14  Zergling x30  
  141  17:28  Hydralisk x6  
  132  17:46  Lurker x8  
  132  17:49  Overseer  
  140  17:51  Drone x2  
  140  17:52  Drone x10  
  140  17:57  Zerg Melee Weapons Level 2  
  149  18:14  Hatchery  
  149  18:15  Zergling x14  
  149  18:16  Zergling x4  
  157  18:29  Baneling x14  
  157  18:37  Nydus Canal  
  157  18:39  Baneling x11  
  157  18:50  Spine Crawler, Extractor  
  157  18:51  Zergling x18, Spore Crawler, Extractor  
  157  18:52  Spore Crawler  
  161  19:05  Zergling x8  
  150  19:18  Nydus Canal  
  148  19:27  Hydralisk x11  
  158  19:43  Zergling x22  
  157  19:52  Zergling x12  
  134  20:07  Baneling x10  
  134  20:08  Baneling  

Tags
 
Add a new tag
Caveats
  • Supply blocks, unpowered buildings, or Contaminate may cause inaccurate times.
  • Supply counts are checked every 10 seconds.